 Dungeon Crawl Stone Soup version 0.27.1-34-g3ba077fa99 (webtiles) character file.

Game seed: 17264173619175731826

7 Karpo the Sneak (level 1, 0/9 HPs)
             Began as a Spriggan Enchanter on Jan 23, 2022.
             Slain by a jackal (1 damage)
             ... on level 1 of the Dungeon.
             The game lasted 00:01:12 (428 turns).

Karpo the Sneak (Spriggan Enchanter)                 Turns: 428, Time: 00:01:12

Health: 0/9        AC:  2    Str:  4    XL:     1   Next: 83%
Magic:  5/5        EV: 17    Int: 16    God:
Gold:   21         SH:  0    Dex: 15    Spells: 4/5 levels left

rFire    . . .     SeeInvis +   a - +1 dagger
rCold    . . .     Faith    .   (shield restricted)
rNeg     . . .     Spirit   .   b - +0 robe
rPois    .         Reflect  .   (helmet restricted)
rElec    .         Harm     .   (no cloak)
rCorr    .         Rampage  .   (gloves unavailable)
Will     .....                  (boots unavailable)
Stlth    +++.......             (no amulet)
HPRegen  0.03/turn              (no ring)
MPRegen  0.09/turn              (no ring)

@: very quick
A: very small, no large weapons, unfitting armour, see invisible, speed 3
a: no special abilities


You were on level 1 of the Dungeon.
You visited 1 branch of the dungeon, and saw 1 of its levels.

You collected 21 gold pieces.

Inventory:

Hand Weapons
 a - a +1 dagger (weapon)
Armour
 b - a +0 robe (worn)


   Skills:
 + Level 1.7 Short Blades
 - Level 2.6 Dodging
 + Level 4.8 Stealth
 - Level 2.6 Spellcasting
 - Level 3.6 Hexes


You had 4 spell levels left.
You knew the following spells:

 Your Spells              Type           Power      Damage    Failure   Level
a - Corona                Hex            14%        N/A       4%          1

Your spell library contained the following spells:

 Spells                   Type           Power      Damage    Failure   Level
 Confusing Touch          Hex            13%        N/A       13%         3
 Tukima's Dance           Hex            13%        N/A       13%         3
 Ensorcelled Hibernation  Hex/Ice        14%        N/A       14%         2
 Beastly Appendage        Tmut           4%         N/A       19%         1
 Dazzling Flash           Conj/Hex       14%        N/A       28%         3


Dungeon Overview and Level Annotations

Branches:
Dungeon (1/15)

Altars:


Innate Abilities, Weirdness & Mutations

You are very small and have problems with some larger weapons.
You are too small for most types of armour.
You have supernaturally acute eyesight. (SInv)
You cover ground extremely quickly. (Speed+++)


Message History

The jackal bites you but does no damage.
The jackal barks!
The jackal is caught in a web!
The jackal bites you.
A kobold comes into view. It is wielding a +0 dagger.
The jackal struggles to get unstuck from the web.
You hit the jackal but do no damage.
The jackal pulls away from the web.
The jackal completely misses you. The ball python misses you.
The ball python closely misses you. The jackal barely misses you.
The ball python barely misses you. The ball python misses you.
The ball python barely misses you. The ball python misses you.
The jackal misses you. The jackal closely misses you.
The jackal completely misses you. The jackal barely misses you.
A kobold comes into view. It is wielding a +0 club.
You completely miss the kobold.
The kobold shouts!
A jackal comes into view.
The kobold completely misses you.
An endoplasm comes into view.
You hit the kobold.
The kobold is moderately wounded.
The jackal closely misses you. x2; The kobold hits you with a +0 club.
You hit the kobold.
You kill the kobold!
A goblin comes into view. It is wielding a +0 club.
The jackal bites you. The jackal barely misses you.
You barely miss the jackal.
The goblin shouts!
The jackal closely misses you. The jackal bites you.
* * * LOW HITPOINT WARNING * * *
You hit the jackal.
The jackal is moderately wounded.
The jackal completely misses you.
The jackal bites you but does no damage.
The jackal closely misses you.
You closely miss the jackal.
The jackal is moderately wounded.
The jackal barely misses you. The jackal closely misses you.
The jackal bites you.
You die...

###...#####...
###....#PPP..#..
.....#.#####.#.
...#.#...S.#.# #
#.#.#.#####.#. #.#
##.#.#.#._.#.#. # ..
#..^^.^......^^
#...#.####rS............
#....gh@hhhh............
#....J#####S...#...#....
#.... #....##....#..
#### #.h....(..##..
#h....#......#
.....)....##...#
#.K..........#....
#.........#....##.
#....#....#....#..


You could see an endoplasm, 5 jackals, a goblin, 2 ball pythons and a rat.

Vanquished Creatures
  An endoplasm (D:1)
  A giant cockroach (D:1)
  2 goblins (D:1)
  A kobold (D:1)
5 creatures vanquished.

Vanquished Creatures (others)
  A plant (D:1)
1 creature vanquished.

Grand Total: 6 creatures vanquished

Notes
Turn   | Place    | Note
-------+----------+-------------------------------------------
     0 | D:1      | Karpo the Spriggan Enchanter began the quest for the Orb.
     0 | D:1      | Reached XP level 1. HP: 9/9 MP: 5/5
   370 | D:1      | Found a faded altar of an unknown god.
   405 | D:1      | Got Plato's Guide on Changing
   428 | D:1      | Slain by a jackal

Illustrated notes

Levels and vault maps discovered:
D:1:      minmay_arrival_three_doors, layout_rooms,
          shapermc_ecumenical_altar_rom_forum, serial_shops,
          nicolae_shop_window_shopping, minmay_tromino_v4_c

Action                   || total
-------------------------++-------
Melee: Dagger            ||    34
 Stab: Sleeping          ||     2
Armor: Robe              ||     5
Dodge: Dodged            ||    46
